 Dungeon Crawl Stone Soup version 0.27.0-1-g7a089689b8 (webtiles) character file.

Game seed: 15461100036275651128

2401 orehx the Destroyer (level 9, -1/54 HPs)
             Began as an Octopode Conjurer on Aug 2, 2021.
             Was an Initiate of Gozag.
             Shot with an arrow by something (6 damage)
             ... on level 8 of the Dungeon.
             The game lasted 00:18:59 (10399 turns).

orehx the Destroyer (Octopode Conjurer)            Turns: 10399, Time: 00:19:01

Health: -1/54      AC:  2    Str:  7    XL:     9   Next: 46%
Magic:  1/15       EV: 13    Int: 23    God:    Gozag
Gold:   505        SH:  0    Dex: 10    Spells: 10/17 levels left

rFire    . . .     SeeInvis .   i - +4 dagger
rCold    . . .     Faith    .   (no shield)
rNeg     + . .     Spirit   .   v - +1 hat
rPois    .         Reflect  .   (no amulet)
rElec    .         Harm     .   l - ring of positive energy
rCorr    .         Rampage  .   (no ring)
Will     .....                  (no ring)
Stlth    ++++......             (no ring)
HPRegen  0.18/turn              (no ring)
MPRegen  0.14/turn              (no ring)
                                (no ring)
                                (no ring)

@: about to teleport
A: almost no armour, amphibious, 8 rings, camouflage 1, gelatinous body 1,
(nimble swimmer 1), tentacles
a: Renounce Religion, Potion Petition, Call Merchant, Bribe Branch


You were on level 8 of the Dungeon.
You worshipped Gozag.
Gozag was pleased with you.
You visited 2 branches of the dungeon, and saw 9 of its levels.

You collected 549 gold pieces.
You paid 44 gold pieces to Gozag.

Inventory:

Hand Weapons
 i - a +4 dagger (weapon)
Armour
 v - a +1 hat (worn)
Magical Staves
 s - a staff of cold
Jewellery
 l - a ring of positive energy (left tentacle)
 r - a ring of fire
Wands
 k - a wand of polymorph (4)
Scrolls
 a - 3 scrolls of amnesia {unknown}
 d - 9 scrolls of identify {unknown}
 f - 3 scrolls of teleportation
 g - a scroll of enchant armour {unknown}
 m - a scroll of holy word {unknown}
 n - 2 scrolls of immolation {unknown}
 o - 2 scrolls of blinking {unknown}
 p - a scroll of fog {unknown}
 q - a scroll of enchant weapon {unknown}
Potions
 b - a potion of attraction {unknown}
 c - 2 potions of curing
 e - 2 potions of brilliance {unknown}
 h - 2 potions of might
 j - 3 potions of flight
 t - 2 potions of haste
 u - a potion of ambrosia {unknown}


   Skills:
 - Level 2.0 Fighting
 - Level 2.0 Dodging
 - Level 6.0 Stealth
 + Level 4.6 Spellcasting
 - Level 9.0 Conjurations
 - Level 7.0 Hexes


You had 10 spell levels left.
You knew the following spells:

 Your Spells              Type           Power      Damage    Failure   Level
a - Magic Dart            Conj           100%       1d8       1%          1
b - Searing Ray           Conj           92%        3d6       1%          2
c - Fulminant Prism       Conj/Hex       21%        3d13      3%          4

Your spell library contained the following spells:

 Spells                   Type           Power      Damage    Failure   Level
 Dazzling Flash           Conj/Hex       84%        N/A       1%          3
 Blink                    Tloc           N/A        N/A       16%         2
 Iskenderun's Mystic Bla  Conj/Tloc      26%        2d7       16%         4
 Manifold Assault         Tloc           5%         N/A       95%         5
 Storm Form               Tmut/Air       2%         N/A       100%        7


Dungeon Overview and Level Annotations

Branches:
Dungeon (8/15)             Temple (1/1) D:5
   Lair: D:8-11

Altars:
Ashenzari
Cheibriados
Dithmenos
Fedhas
Gozag
Hepliaklqana
Kikubaaqudgha
Makhleb
Nemelex Xobeh
Okawaru
Ru
Sif Muna
Trog
Vehumet
Wu Jian
Xom
Yredelemnul
Zin
The Shining One

Annotations:
D:4 exclusion: kobold brigand
D:5 2 transporters, exclusions: Edmund and downstairs, hyper1729's ghost, amateur MiVM
D:6 exclusion: centaur
D:7 1 exclusion, Maggie


Innate Abilities, Weirdness & Mutations

You cannot wear most types of armour.
You are amphibious.
You can wear up to eight rings at the same time.
Your skin changes colour to match your surroundings (Stealth+).
Your rubbery body absorbs attacks. (AC +1, EV +1)
((You are camouflaged near water. (Stealth+)))
You have tentacles for arms and can constrict up to eight enemies at once.


Message History

Press: ? - help, Shift-Dir - straight line, f - orc warrior
Aim: an orc warrior, wielding a +0 flail, wearing a +0 plate armour and quivering boomerangs (almost dead, 82% to hit)
The searing ray hits the orc warrior.
You kill the orc warrior! (Press . to maintain the ray.) Training target 9.0 for Conjurations reached!
Training target 7.0 for Hexes reached!
Your Conjurations skill increases to level 9!
Your Hexes skill increases to level 7!
You need to enable at least one skill for training.
A centaur comes into view. It is wielding a +0 glaive.
A centaur is nearby!
A centaur is nearby!
Casting: Searing Ray (safe; 1% risk of failure)
Confirm with . or Enter, or press ? or * to list all spells.
Aiming: Searing Ray (safe; 1% risk of failure)
Press: ? - help, Shift-Dir - straight line, f - centaur
Aim: a centaur, wielding a +0 glaive and quivering arrows (89% to hit)
The searing ray misses the centaur. (Press . to maintain the ray.)
The centaur unwields a +0 glaive.
The centaur wields a +0 shortbow.
The centaur shoots an arrow.
The arrow hits you!
The centaur drinks a potion.
The centaur flickers and vanishes!
Deactivating autopickup; reactivate with Ctrl-A.
You hear a twanging sound.
An arrow appears from out of thin air!
The arrow hits you!
As you read the scroll of teleportation, it crumbles to dust.
You feel strangely unstable.
You hear a twanging sound.
An arrow appears from out of thin air!
The arrow hits you.
You hear a twanging sound.
An arrow appears from out of thin air!
The arrow hits you!
* * * LOW HITPOINT WARNING * * *
You hear a twanging sound.
An arrow appears from out of thin air!
The arrow hits you!
* * * LOW HITPOINT WARNING * * *
You hear a twanging sound.
An arrow appears from out of thin air!
The arrow hits you.
You die...
Your body crumbles into a pile of gold.

#.............
#.##...#.####.
#.##...#.#
#.##...#.##
#.###.##..
#.###.##.#
#.##...#.#
#........#
####..@###
##.## #.# #.#
#{########.
#.$..*.o..#
##########.


There were no monsters in sight!

Vanquished Creatures
  Menkaure (D:7)
  Edmund (D:4)
  An orc warrior (D:8)
  Duvessa (D:7)
  A black bear (D:4)
  2 necrophages
  3 ogres
  3 centaurs
  A phantom (D:5)
  2 scorpions
  Dowan (D:7)
  2 water moccasin skeletons
  4 killer bees (D:8)
  2 centaur zombies
  A bullfrog zombie (D:6)
  2 hounds
  2 jellies (D:6)
  An orc priest (D:7)
  2 iguanas (D:6)
  A centaur skeleton (D:6)
  Ijyb (D:3)
  4 orc wizards
  A killer bee zombie (D:5)
  Robin (D:3)
  3 gnolls (D:6)
  4 adders
  4 white imps (D:6)
  An ufetubus (D:5)
  2 worms
  A dart slug (D:2)
  10 orcs
  6 ball pythons
  3 bats
  9 endoplasms
  A giant cockroach (D:2)
  22 goblins
  9 hobgoblins
  3 jackals (D:3)
  9 kobolds
  4 quokkas (D:3)
  3 frilled lizards
  7 rats
142 creatures vanquished.

Vanquished Creatures (others)
  An orc wizard (D:8)
  31 fulminant prisms
32 creatures vanquished.

Grand Total: 174 creatures vanquished

Notes
Turn   | Place    | Note
-------+----------+-------------------------------------------
     0 | D:1      | orehx the Octopode Conjurer began the quest for the Orb.
     0 | D:1      | Reached XP level 1. HP: 11/11 MP: 3/3
   412 | D:1      | Reached XP level 2. HP: 17/17 MP: 3/5
   503 | D:1      | Found a faded altar of an unknown god.
  1372 | D:2      | Noticed Ijyb
  1426 | D:3      | Learned a level 2 spell: Searing Ray
  1839 | D:2      | Reached XP level 3. HP: 21/21 MP: 4/6
  1924 | D:3      | Killed Ijyb
  1925 | D:3      | Reached skill level 5 in Conjurations
  2062 | D:3      | Found a shadowy altar of Dithmenos.
  2188 | D:2      | Reached XP level 4. HP: 27/27 MP: 2/7
  3066 | D:3      | Noticed an ogre
  3076 | D:3      | Killed an ogre
  3077 | D:3      | Reached skill level 6 in Conjurations
  3077 | D:3      | Reached XP level 5. HP: 31/31 MP: 2/8
  3329 | D:3      | Noticed Robin
  3371 | D:3      | Killed Robin
  3913 | D:3      | Reached XP level 6. HP: 36/36 MP: 2/9
  4830 | D:4      | Found a broken altar of Ashenzari.
  4830 | D:4      | Found a bloodstained altar of Trog.
  4830 | D:4      | Found a blossoming altar of Fedhas.
  4831 | D:4      | Found a sparkling altar of Nemelex Xobeh.
  4831 | D:4      | Noticed a necrophage
  4836 | D:4      | Killed a necrophage
  4837 | D:4      | Found a glowing golden altar of the Shining One.
  4838 | D:4      | Found a snail-covered altar of Cheibriados.
  4846 | D:4      | Reached skill level 1 in Fighting
  4846 | D:4      | Reached XP level 7. HP: 35/43 MP: 3/13
  5046 | D:4      | Found an ancient bone altar of Kikubaaqudgha.
  5533 | D:5      | Entered Level 5 of the Dungeon
  5538 | D:5      | Reached skill level 5 in Stealth
  5579 | D:5      | Noticed hyper1729's ghost (amateur MiVM)
  5593 | D:5      | Found a transporter.
  5602 | D:5      | Noticed a hornet
  5621 | D:5      | Found a staircase to the Ecumenical Temple.
  5633 | D:5      | Reached skill level 7 in Conjurations
  6069 | D:5      | Found a transporter.
  6216 | D:5      | Identified the +7 chain mail of Ru's Vengeance {Rampage}
  6242 | D:5      | Reached XP level 8. HP: 37/50 MP: 4/14
  6323 | D:5      | Noticed Edmund
  6377 | D:4      | Killed Edmund
  6378 | D:4      | Reached skill level 8 in Conjurations
  6686 | Temple   | Entered the Ecumenical Temple
  6866 | Temple   | Became a worshipper of Gozag Ym Sagoz the Greedy
  7408 | D:6      | Found a shimmering blue altar of Sif Muna.
  7450 | D:6      | Learned a level 4 spell: Fulminant Prism
  7453 | D:6      | Reached skill level 1 in Hexes
  8221 | D:6      | Found a burning altar of Makhleb.
  8810 | D:7      | Noticed Menkaure
  8816 | D:7      | Killed Menkaure
  8817 | D:7      | Reached skill level 5 in Hexes
  8989 | D:7      | Noticed Duvessa
  8990 | D:7      | Noticed Dowan
  8997 | D:7      | Killed Duvessa
  8997 | D:7      | Killed Dowan
  8998 | D:7      | Reached XP level 9. HP: 54/54 MP: 2/15
  8998 | D:7      | Noticed Maggie
 10386 | D:8      | Reached skill level 9 in Conjurations
 10399 | D:8      | Shot with an arrow by something

Illustrated notes

Levels and vault maps discovered:
D:1:      lightli_arrival_statue_moat, layout_basic,
          chequers_ecumenical_altar_simple, chequers_serial_rivers_marsh,
          hex_medium, minmay_misc_feat_enclosed
D:2:      kennysheep_the_goblin_king, layout_basic, grunt_decor_junction,
          minivault_24
D:3:      layout_loops_ring, grunt_dithmenos_smoke, grunt_decor_one_mirror,
          minmay_misc_feat_cross, chequers_serial_rivers_room_a, uniq_robin
D:4:      layout_loops_corners, kiku_gazebo_pond_becter,
          grunt_temple_overflow_open
D:5:      layout_loops_ring, temple_fountains, gammafunk_ghost_arena,
          columned_hall_lemuel, uniq_edmund
D:6:      layout_basic, lemuel_crystal_altar, nicolae_sif_muna_condensation,
          glass_columns_a, minmay_misc_feat_roman
D:7:      layout_rooms, uniq_maggie, uniq_menkaure, uniq_duvessa
D:8:      layout_loops_ring
Temple:   compressed_dpeg_triangle_lava_temple

Skill      XL: |  1  2  3  4  5  6  7  8  9 |
---------------+----------------------------+-----
Conjurations   | 5 6 7 8 9 |  9.0
Spellcasting   | 4 |  4.6
Fighting       | 1 2 |  2.0
Stealth        | 6 |  6.0
Hexes          | 5 7 |  7.0
Dodging        | |  2.0

Action                   |  1- 3 |  4- 6 |  7- 9 || total
-------------------------+-------+-------+-------++-------
Melee: Unarmed           |     6 |       |       ||     6
       Constrict         |     3 |     5 |     3 ||    11
       Tentacles         |     2 |     2 |       ||     4
       Dagger            |     9 |    14 |    16 ||    39
 Cast: Magic Dart        |    53 |    88 |    93 ||   234
       Searing Ray       |     6 |     6 |    29 ||    41
       Fulminant Prism   |       |       |    31 ||    31
  Use: Potion            |       |       |     3 ||     3
       Scroll            |       |       |     3 ||     3
 Stab: Sleeping          |       |     1 |       ||     1
Armor: Skin              |     5 |     4 |     2 ||    11
Dodge: Dodged            |     9 |    16 |    40 ||    65
